 Dungeon Crawl Stone Soup version 0.24.0-124-g2791043dd8 (webtiles) character file.

Game seed: 17717786629187211344, levelgen mode: deterministic

78740 Peloso the Fencer (level 15, -4/141 HPs)
             Began as a Minotaur Fighter on Feb 15, 2020.
             Was the Champion of Okawaru.
             Slain by a blink frog (10 damage)
             ... on level 5 of the Lair of Beasts.
             The game lasted 01:09:56 (22599 turns).

Peloso the Fencer (Minotaur Fighter)               Turns: 22599, Time: 01:09:57

Health: -4/141     AC: 23    Str: 26    XL:     15   Next: 19%
Magic:  16/16      EV: 11    Int:  5    God:    Okawaru [******]
Gold:   2431       SH:  8    Dex: 23    Spells: 14/14 levels left

rFire    + . .     SeeInvis .   a - +2 double sword (elec)
rCold    + + .     Gourm    .   c - -1 buckler of the Elven Halls {Str+2 Dex+3}
rNeg     . . .     Faith    .   i - +0 plate armour
rPois    .         Spirit   .   g - +1 hat
rElec    +         Reflect  .   y - scarf {rC+ rF+}
rCorr    +         Harm     .   E - +2 pair of gloves {Dex+3}
MR       ++...                  J - +0 pair of boots
Stlth    ..........             p - amulet of regeneration
HPRegen  0.73/turn              u - ring of protection from cold
MPRegen  0.15/turn              t - ring "Jyim" {rElec MR+ rCorr Dex+4}

@: slowed, very slow
A: retaliatory headbutt, horns 2
a: Heroism, Finesse, Renounce Religion


You were on level 5 of the Lair of Beasts.
You worshipped Okawaru.
Okawaru was exalted by your worship.
You were not hungry.

You visited 4 branches of the dungeon, and saw 22 of its levels.
You also visited: Ossuary, Bailey and Ice Cave.

You collected 2431 gold pieces.

Inventory:

Hand Weapons
 a - a +2 double sword of electrocution (weapon)
 b - a +1 demon blade of electrocution
Armour
 c - the -1 buckler of the Elven Halls (worn) {Str+2 Dex+3}
   (You found it on level 11 of the Dungeon)

   It affects your strength (+2).
   It affects your dexterity (+3).
 g - a +1 hat (worn)
 i - a +0 plate armour (worn)
 y - a scarf of resistance (worn)
 E - a +2 pair of gloves of dexterity (worn)
 J - a +0 pair of boots (worn)
Jewellery
 e - a +3 ring of protection {unknown}
 p - an amulet of regeneration (around neck)
 s - the ring "Apatz" {rElec rF++ rCorr MP+9 Int-3}
   (You found it in an ice cave)

   [ring of resist corrosion]

   It affects your intelligence (-3).
   It greatly protects you from fire.
   It insulates you from electricity.
   It affects your magic capacity (+9).
   It provides partial protection from all sources of acid and corrosion.
 t - the ring "Jyim" (right hand) {rElec MR+ rCorr Dex+4}
   (You found it on level 4 of the Lair of Beasts)

   [ring of resist corrosion]

   It affects your dexterity (+4).
   It insulates you from electricity.
   It affects your resistance to hostile enchantments.
   It provides partial protection from all sources of acid and corrosion.
 u - a ring of protection from cold (left hand)
Wands
 I - a wand of digging (2)
Scrolls
 h - a scroll of enchant armour
 j - 2 scrolls of blinking
 l - a scroll of noise
 n - 4 scrolls of teleportation
 o - a scroll of fog
 v - 4 scrolls of magic mapping
 x - 2 scrolls of identify
 M - 4 scrolls of remove curse
Potions
 d - 3 potions of might
 k - 2 potions of berserk rage
 m - a potion of curing
 r - a potion of agility
 z - a potion of flight
 B - 2 potions of resistance
 C - 2 potions of haste
Comestibles
 f - 37 rations


   Skills:
 + Level 15.0 Fighting
 + Level 16.8 Long Blades
 + Level 15.0 Armour
 + Level 3.7 Dodging
 + Level 2.0 Stealth
 + Level 15.5 Shields
 + Level 2.2 Invocations
 + Level 2.6 Evocations


You had 14 spell levels left.
You didn't know any spells.
Your spell library contained the following spells:

 Spells                   Type           Power        Failure   Level  Hunger
 Sandblast                Erth           #.....       98%         1    ##.....
 Summon Small Mammal      Summ           #...         98%         1    ##.....
 Call Imp                 Summ           #.......     99%         2    ###....
 Corpse Rot               Necr           N/A          99%         2    ###....
 Passwall                 Tmut/Erth      #.......     99%         2    ###....
 Sublimation of Blood     Necr           #.........   99%         2    ###....
 Call Canine Familiar     Summ           #.......     100%        3    ####...
 Stone Arrow              Conj/Erth      #.....       100%        3    ####...
 Summon Guardian Golem    Hex/Summ       #.......     100%        3    ####...
 Ice Form                 Ice/Tmut       #.......     100%        4    #####..
 Petrify                  Tmut/Erth      #.......     100%        4    #####..
 Summon Ice Beast         Ice/Summ       #.......     100%        4    #####..
 Summon Lightning Spire   Summ/Air       #.......     100%        4    #####..
 Agony                    Necr           #.......     100%        5    ######.
 Bolt of Draining         Conj/Necr      #.........   100%        5    ######.
 Dispel Undead            Necr           #.......     100%        5    ######.
 Excruciating Wounds      Chrm/Necr      #.........   100%        5    ######.
 Lee's Rapid Deconstruct  Erth           #.........   100%        5    ######.
 Metabolic Englaciation   Hex/Ice        #.........   100%        5    ######.
 Bolt of Cold             Conj/Ice       #.........   100%        6    #######
 Freezing Cloud           Conj/Ice/Air   #.........   100%        6    #######
 Ozocubu's Refrigeration  Ice            #.........   100%        6    #######
 Simulacrum               Ice/Necr       #.........   100%        6    #######


Dungeon Overview and Level Annotations

Branches:
Dungeon (14/15)            Temple (1/1) D:5            Lair (5/6) D:8
 Shoals (0/4) Lair:2        Snake (0/4) Lair:4          Orc (2/2) D:12
    Elf (0/3) Orc:2        Vaults (0/5) D:13        Ossuary (visited)
 Bailey (visited)           IceCv (visited)
  Slime: Lair:5-6

Altars:
Ashenzari
Dithmenos
Fedhas
Gozag
Okawaru
Qazlal
Ru
Sif Muna
Trog
Uskayaw
Wu Jian
Xom
Zin
Beogh

Shops:
D:13 (   Orc:2 [(}:

Annotations:
Lair:5 Sonja


Innate Abilities, Weirdness & Mutations

You reflexively headbutt those who attack you in melee.
You have a pair of horns on your head.


Message History

Okawaru accepts your kill.
The blink frog blinks!
Unknown command.
The blink frog blinks!
You completely miss the blink frog.
The blink frog blinks! x2
Unknown command.
Your plate armour prevents you from hitting the blink frog.
Your headbutt misses the blink frog.
The blink frog hits you but does no damage.
Unknown command.
You slash the blink frog! You headbutt the blink frog.
The blink frog is heavily wounded.
The blink frog hits you but does no damage.
The blink frog hits you!
* * * LOW HITPOINT WARNING * * *
Unknown command.
You miss the blink frog.
The blink frog is heavily wounded.
The blink frog blinks!
The blink frog hits you!
You die...

....P.##
.......######.......
.........P.........
..................
.................
................#
.........)......#
..............P###
..............##@##
..............##F.#P#.#
................†.......
..............§.........
#....#..##.....####.....
#..P.### ###...# #..P.
....## #..PP. ....
...... ....... ...
...... ......... ..


You could see a blink frog.

Vanquished Creatures
  A frost giant (IceCv)
  An ettin (Orc:1)
  Josephine (Lair:5)
  Snorg (Orc:1)
  5 ogre magi
  Erolcha (Orc:1)
  2 hydras
  A centaur warrior (D:14)
  17 two-headed ogres
  6 death yaks (Lair:4)
  3 unseen horrors
  A wizard (D:13)
  2 necromancers
  3 deep elf magi
  An orc knight (D:12)
  A manticore (D:14)
  2 orc sorcerers (Orc:2)
  A cyclops (D:13)
  A merfolk siren (Lair:2)
  5 elephants (Lair:4)
  3 black mambas (Lair:4)
  Maurice (Orc:2)
  An ice statue (IceCv)
  2 rust devils
  2 gargoyles (D:14)
  4 spiny frogs
  2 komodo dragons
  A rime drake (Lair:5)
  A freezing wraith (D:14)
  2 ice devils (D:14)
  5 trolls
  23 polar bears
  4 slime creatures (D:13)
  3 meliai zombies
  21 blink frogs
  2 hippogriffs
  4 flying skulls (D:12)
  4 shadows
  8 wraiths
  A vampire (D:8)
  4 hogs (D:8)
  Grum (D:9)
  5 hungry ghosts
  A human (D:8)
  3 wyverns
  A basilisk (Lair:3)
  35 yaks
  Edmund (D:5)
  3 wargs
  2 vampire mosquitoes (D:13)
  Menkaure (D:5)
  2 acid dragons
  16 water moccasins
  21 orc warriors
  13 porcupines
  3 phantoms
  An ice beast (D:5)
  A hornet zombie (D:14)
  3 sky beasts
  22 wolves
  9 centaurs
  26 ogres
  9 crocodiles
  A big kobold (D:12)
  11 bullfrogs
  A water moccasin zombie (D:12)
  3 scorpions
  3 wyvern skeletons
  9 wights
  11 killer bees
  A howler monkey (D:3)
  7 crimson imps
  10 centaur zombies
  A quasit (D:12)
  8 hounds
  2 jellies
  16 orc wizards
  Crazy Yiuf (D:5)
  17 orc priests
  11 bullfrog skeletons
  5 bullfrog zombies
  7 centaur skeletons
  4 iguanas
  Ijyb (D:5)
  5 worker ants
  2 ogre zombies (Ossuary)
  A hound zombie (D:6)
  A hound skeleton (D:8)
  7 mummies (Ossuary)
  A howler monkey zombie (D:8)
  A worker ant zombie (D:11)
  20 adders
  5 gnolls
  4 shadow imps
  2 adder zombies
  2 worms (D:2)
  A dart slug (D:1)
  4 leopard geckos
  59 orcs
  6 bats
  4 giant cockroaches
  3 gnoll zombies (Ossuary)
  10 goblins
  15 hobgoblins
  19 jackals
  25 kobolds
  6 quokkas
  A ball python (D:3)
  4 frilled lizards
  4 goblin zombies (Ossuary)
  5 hobgoblin zombies (Ossuary)
  4 kobold zombies (Ossuary)
  2 leopard gecko skeletons
  A quokka skeleton (D:4)
  2 quokka zombies (Ossuary)
  5 rats
  6 rat zombies (Ossuary)
  4 fungi
  A plant (Lair:2)
705 creatures vanquished.

Vanquished Creatures (others)
  2 sky beasts (D:11)
  14 fungi
  8 plants
  5 toadstools (D:1)
29 creatures vanquished.

Grand Total: 734 creatures vanquished

Notes
Turn   | Place    | Note
-------+----------+-------------------------------------------
     0 | D:1      | Peloso the Minotaur Fighter began the quest for the Orb.
     0 | D:1      | Reached XP level 1. HP: 19/19 MP: 0/0
   101 | D:1      | Reached XP level 2. HP: 26/27 MP: 1/1
   671 | D:1      | Reached XP level 3. HP: 33/33 MP: 2/2
  1080 | D:2      | Reached skill level 3 in Long Blades
  1519 | D:3      | Reached XP level 4. HP: 40/40 MP: 3/3
  1561 | D:3      | You fall into a shaft and drop 2 floors!
  1561 | D:5      | Entered Level 5 of the Dungeon
  1561 | D:5      | Found a staircase to the Ecumenical Temple.
  1561 | D:5      | Noticed Edmund
  1562 | D:5      | Noticed an ice beast
  1567 | D:5      | Killed Edmund
  1567 | D:5      | Reached skill level 4 in Long Blades
  1567 | D:5      | Reached skill level 5 in Armour
  1567 | D:5      | Reached skill level 5 in Shields
  1567 | D:5      | Reached XP level 5. HP: 44/47 MP: 4/4
  1569 | D:5      | Killed an ice beast
  1569 | D:5      | Reached XP level 6. HP: 44/53 MP: 5/5
  1608 | D:5      | Noticed Menkaure
  1615 | D:5      | Killed Menkaure
  1615 | D:5      | Reached skill level 5 in Long Blades
  1685 | D:5      | Found a sand-covered staircase.
  1690 | Ossuary  | Entered an ossuary
  1778 | Ossuary  | Reached XP level 7. HP: 31/60 MP: 6/6
  2134 | Ossuary  | Reached skill level 6 in Long Blades
  2386 | D:5      | Noticed Ijyb
  2391 | D:5      | Killed Ijyb
  2391 | D:5      | Reached skill level 5 in Fighting
  2420 | D:5      | Found a runed translucent door.
  2421 | D:5      | Noticed Crazy Yiuf
  2427 | D:5      | Killed Crazy Yiuf
  2518 | Temple   | Entered the Ecumenical Temple
  2536 | Temple   | Became a worshipper of Warmaster Okawaru
  2812 | D:5      | Reached skill level 7 in Long Blades
  3544 | D:4      | Reached XP level 8. HP: 65/68 MP: 7/7
  4234 | D:6      | Found a glowing silver altar of Zin.
  4257 | D:6      | Reached skill level 8 in Long Blades
  4296 | D:6      | Found a shimmering blue altar of Sif Muna.
  4656 | D:6      | Reached * piety under Okawaru
  4825 | D:7      | Found a flagged portal.
  4826 | D:7      | Found the cursed +14 obsidian axe {chop, +Fly SInv *Curse}
  4865 | Bailey   | Entered a bailey
  5260 | Bailey   | Reached skill level 1 in Evocations
  5265 | Bailey   | Reached skill level 9 in Long Blades
  5295 | Bailey   | Reached XP level 9. HP: 50/75 MP: 6/9
  5434 | D:7      | Found an opulent altar of Gozag.
  5549 | D:7      | Reached ** piety under Okawaru
  5988 | D:8      | Noticed a +0 hand axe
  5988 | D:8      | Noticed a +0 dagger
  5989 | D:8      | Found a hide-covered altar of Uskayaw.
  6084 | D:8      | Found a shadowy altar of Dithmenos.
  6089 | D:8      | Found a bloodstained altar of Trog.
  6094 | D:8      | Found a blossoming altar of Fedhas.
  6233 | D:8      | Reached skill level 1 in Dodging
  6271 | D:8      | Reached skill level 10 in Long Blades
  6280 | D:8      | HP: 1/78 [something (10)]
  6289 | D:8      | Reached skill level 1 in Invocations
  6290 | D:8      | Reached *** piety under Okawaru
  6592 | D:8      | Reached XP level 10. HP: 41/84 MP: 10/10
  6908 | D:8      | Reached skill level 10 in Shields
  7019 | D:8      | Found a staircase to the Lair.
  7205 | D:8      | Found an ornate altar of the Wu Jian Council.
  7338 | D:9      | Reached skill level 11 in Long Blades
  7354 | D:9      | Reached **** piety under Okawaru
  7877 | D:9      | Noticed Grum
  7909 | D:9      | Killed Grum
  7914 | D:9      | Received a gift from Okawaru
  8228 | D:10     | Entered Level 10 of the Dungeon
  8264 | D:10     | Noticed a four-headed hydra
  8287 | D:11     | Got a slimy buckler
  8301 | D:11     | Noticed a two-headed ogre
  8314 | D:11     | Killed a two-headed ogre
  8314 | D:11     | Reached XP level 11. HP: 53/94 MP: 8/11
  8345 | D:11     | Reached skill level 12 in Long Blades
  8736 | D:11     | Identified the cursed -1 buckler of the Elven Halls {Str+2
                  | Dex+3} (You found it on level 11 of the Dungeon)
  8819 | D:11     | Found a shattered altar of Ashenzari.
  9225 | D:12     | Reached ***** piety under Okawaru
  9380 | D:12     | Killed an unseen horror
  9481 | D:12     | Found a staircase to the Orcish Mines.
  9548 | D:12     | Noticed a necromancer
  9559 | D:12     | Killed a necromancer
  9559 | D:12     | Received a gift from Okawaru
  9652 | D:12     | Reached skill level 10 in Armour
  9851 | D:12     | Reached skill level 10 in Fighting
  9884 | D:12     | Reached skill level 13 in Long Blades
 10205 | D:10     | You fall into a shaft and drop 3 floors!
 10242 | D:13     | Reached XP level 12. HP: 53/106 MP: 10/12
 10689 | D:13     | Noticed a two-headed ogre
 10693 | D:13     | Received a gift from Okawaru
 10724 | D:13     | Killed a two-headed ogre
 10724 | D:13     | Reached skill level 14 in Long Blades
 10843 | D:13     | Noticed a seven-headed hydra
 10849 | D:13     | Killed a seven-headed hydra
 11254 | D:13     | Found a gate to the Vaults.
 11496 | D:13     | Found Wial's Antique Weapon Shop.
 11950 | D:12     | Reached skill level 1 in Stealth
 13296 | D:10     | Killed a four-headed hydra
 13636 | D:9      | Found the +15 Maxwell's patent armour {-Cast -Tele rElec
                  | MR+ rCorr}
 13751 | Lair:1   | Entered Level 1 of the Lair of Beasts
 14701 | Lair:2   | Reached XP level 13. HP: 117/117 MP: 13/13
 14774 | Lair:2   | Reached ****** piety under Okawaru
 15020 | Lair:2   | Received a gift from Okawaru
 15045 | Lair:2   | Reached skill level 15 in Long Blades
 15269 | Lair:2   | Found a staircase to the Shoals.
 16457 | Lair:4   | Found a staircase to the Snake Pit.
 17161 | Lair:4   | Got a smoking silver ring
 17199 | Lair:4   | Identified the ring "Jyim" {rElec MR+ rCorr Dex+4} (You
                  | found it on level 4 of the Lair of Beasts)
 17297 | Lair:4   | Received a gift from Okawaru
 18166 | D:14     | Found a frozen archway.
 18190 | IceCv    | Entered an ice cave
 18530 | IceCv    | Reached XP level 14. HP: 122/129 MP: 15/15
 18793 | IceCv    | Noticed a frost giant
 18821 | IceCv    | Killed a frost giant
 18821 | IceCv    | Reached skill level 16 in Long Blades
 18917 | IceCv    | Got a brightly glowing ivory ring
 18949 | IceCv    | Identified the ring "Apatz" {rElec rF++ rCorr MP+9 Int-3}
                  | (You found it in an ice cave)
 19934 | Orc:1    | Entered Level 1 of the Orcish Mines
 19934 | Orc:1    | Found a roughly hewn altar of Beogh.
 20148 | Orc:1    | Received a gift from Okawaru
 20194 | Orc:1    | Noticed Snorg
 20207 | Orc:1    | Killed Snorg
 20541 | Orc:1    | Noticed Erolcha
 20549 | Orc:1    | Killed Erolcha
 20703 | Orc:2    | Entered Level 2 of the Orcish Mines
 20703 | Orc:2    | Found a staircase to the Elven Halls.
 20782 | Orc:2    | Reached skill level 15 in Shields
 21098 | Orc:2    | Received a gift from Okawaru
 21386 | Orc:2    | Reached XP level 15. HP: 71/139 MP: 16/16
 21421 | Orc:2    | Noticed Maurice
 21425 | Orc:2    | Killed Maurice
 21695 | Orc:2    | Found Murrost's Weapon Boutique.
 21695 | Orc:2    | Found Didisub's Antique Armour Shoppe.
 21696 | Orc:2    | Found Teazimir's Book Emporium.
 21696 | Orc:2    | Found Nuwk's Gadget Boutique.
 22505 | Lair:5   | Received a gift from Okawaru
 22548 | Lair:5   | Noticed Josephine
 22550 | Lair:5   | Noticed Sonja
 22559 | Lair:5   | Killed Josephine
 22559 | Lair:5   | Reached skill level 15 in Fighting
 22559 | Lair:5   | Reached skill level 15 in Armour
 22582 | Lair:5   | HP: 6/141 [asphyx]
 22587 | Lair:5   | HP: 4/141 [poisoned by Sonja (curare-tipped dart)]
 22592 | Lair:5   | HP: 7/141 [blink frog (6)]
 22598 | Lair:5   | HP: 5/141 [blink frog (7)]
 22599 | Lair:5   | Slain by a blink frog

Levels and vault maps discovered:
D:1:      ldierk_walled_garden, layout_basic, hex_medium
D:2:      layout_loops_ring, first_ration, minmay_tiny_reverse_x
D:3:      layout_rooms, hangedman_decor_points, ebering_dispersal_statue_hall
D:4:      layout_loops_corners
D:5:      layout_loops_ring, minmay_temple_entry_slanted, enter_ossuary_5,
          uniq_edmund, uniq_ijyb, uniq_crazy_yiuf_cottage, uniq_menkaure
D:6:      layout_loops_ring, lemuel_crystal_altar, overflow_temple_1_default
D:7:      layout_gridville, grunt_gozag_statues, enter_bailey_2
D:8:      layout_loops_cross, minmay_overflow_temple_star_quad,
          marbit_many_paths, dancing_weapons_uskayaw,
          grunt_lair_entry_orc_guard_hut, grunt_livestock
D:9:      cheibrodos_iron_armory, layout_small_grid, uniq_grum
D:10:     layout_basic, chequers_mini_garden, minmay_misc_feat_five
D:11:     layout_rooms, basic_altar, minmay_misc_feat_plants
D:12:     hangedman_screamer, layout_gridville
D:13:     layout_rooms, david_vaults_1, serial_shops,
          nicolae_shop_overgrown_old_shop
D:14:     layout_irregular_city, chequers_serial_rivers_small_3,
          portal_ice_cave_demonic_guard
Temple:   jpeg_temple_clearing
Lair:1:   layout_small_grid, grunt_megastairs_1
Lair:2:   layout_regular_city, minmay_shoals_entry_lonely_mermaid, st_stairs_7,
          cheibrodos_lair_lostbears, lemuel_fruit_tree
Lair:3:   layout_long_grid, serial_bayou_shore_b
Lair:4:   layout_gridlike, minmay_snake_entry_six_corridors
Lair:5:   layout_long_grid, uniq_sonja, uniq_josephine
Orc:1:    layout_caves, basic_altar, uniq_erolcha, uniq_snorg
Orc:2:    st_orc_ogre_mass, layout_caves, uniq_maurice

Skill      XL: |  1  2  3  4  5  6  7  8  9 10 11 12 13 14 15 |
---------------+----------------------------------------------+-----
Shields        | 4 5 6 8 9 11 12 13 14 15 | 15.5
Armour         | 4 5 6 7 8 9 10 12 13 14 15 | 15.0
Fighting       | 4 5 6 8 10 11 13 14 15 | 15.0
Long Blades    | 3 4 5 7 9 10 11 13 14 15 16 | 16.8
Evocations     | 1 2 |  2.6
Dodging        | 1 2 3 |  3.7
Invocations    | 1 2 |  2.2
Stealth        | 1 2 |  2.0

Action                   |  1- 3 |  4- 6 |  7- 9 | 10-12 | 13-15 || total
-------------------------+-------+-------+-------+-------+-------++-------
Melee: Long sword        |   105 |    49 |   490 |   626 |       ||  1270
       Headbutt          |    19 |    13 |   117 |   276 |   404 ||   829
       Scimitar          |       |       |       |   140 |   694 ||   834
       Demon blade       |       |       |       |       |   175 ||   175
       Double sword      |       |       |       |       |    73 ||    73
Invok: Heroism           |       |       |     8 |     9 |     6 ||    23
Evoke: Wand              |       |       |    21 |    14 |       ||    35
  Use: Potion            |     5 |     1 |     4 |     3 |     3 ||    16
       Scroll            |       |     5 |     6 |    10 |    10 ||    31
  Eat: Chunk             |     1 |     2 |    19 |    20 |    22 ||    64
       Ration            |       |       |       |     2 |     2 ||     4
Armor: Scale mail        |     9 |       |       |       |       ||     9
       Plate armour      |    27 |    10 |   269 |   436 |   600 ||  1342
Dodge: Dodged            |    20 |    12 |   150 |   294 |   392 ||   868
Block: Shield            |    61 |    23 |   343 |   150 |       ||   577
       Buckler           |       |       |       |   166 |   385 ||   551
       Rpst.: Long sword |     6 |     2 |    28 |    63 |       ||    99
       Scimitar          |       |       |       |    21 |    76 ||    97
       Demon blade       |       |       |       |       |    17 ||    17
       Double sword      |       |       |       |       |     4 ||     4
